 Dungeon Sprint DCSS version 0.27-a0-216-g1fbed8a51c (webtiles) character file.

Game seed: 12801203613975484895

46453 mhtbhm the Executioner (level 14, -1/226 HPs)
             Began as a Minotaur Fighter on Jan 31, 2021.
             Was the Champion of Trog.
             Succumbed to Gloorx Vloq's dark miasma
             ... in the Dungeon (Sprint VII: "The Pits").
             The game lasted 00:07:57 (4445 turns).

mhtbhm the Executioner (Minotaur Fighter)           Turns: 4445, Time: 00:07:57

Health: -1/226     AC: 30    Str: 26    XL:     14   Next: 4%
Magic:  13/13      EV: 10    Int:  5    God:    Trog [******]
Gold:   16         SH: 16    Dex: 13    Spells: 13/13 levels left

rFire    + . .     SeeInvis .   a - +4 broad axe (flame)
rCold    + + .     Faith    .   c - +2 kite shield {rC+}
rNeg     + . .     Spirit   .   b - +2 gold dragon scales
rPois    +         Reflect  .   (helmet restricted)
rElec    .         Harm     .   o - +1 cloak {rPois}
rCorr    .         Rampage  .   s - +0 pair of gloves
Will     +....     NoTele   +   (no boots)
Stlth    ..........             (no amulet)
HPRegen  0.47/turn              E - ring of positive energy
MPRegen  0.13/turn              q - +3 ring of dexterity

@: berserking (expiring), lethally poisoned (-1 -> -102), slowed
A: retaliatory headbutt, horns 2
a: Renounce Religion, Berserk, Trog's Hand, Brothers in Arms


You were in the Dungeon.
You worshipped Trog.
Trog was exalted by your worship.
You visited 1 branch You collected 16 gold pieces.

Inventory:

Hand Weapons
 a - a +4 broad axe of flaming (weapon)
 w - the +12 battleaxe "Ynok" {vorpal, Str+3}
   (Trog gifted it to you in the Dungeon)

   It inflicts extra damage upon your enemies.
   It affects your strength (+3).
 x - a +3 vorpal broad axe
Missiles
 v - 19 silver javelins (quivered)
Armour
 b - +2 gold dragon scales (worn)
 c - a +2 kite shield of cold resistance (worn)
 o - a +1 cloak of poison resistance (worn)
 s - a +0 pair of gloves (worn)
Jewellery
 q - a +3 ring of dexterity (right hand)
 D - an uncursed ring of protection from cold
 E - a ring of positive energy (left hand)
Wands
 n - a wand of iceblast (6)
Scrolls
 j - 3 scrolls of blinking
 l - 4 scrolls of remove curse
 m - a scroll of summoning
 y - 2 scrolls of fear
 B - a scroll of fog
Potions
 d - 4 potions of might
 e - 7 potions of curing
 f - 7 potions of heal wounds
 g - 3 potions of haste
 h - 5 potions of magic
 i - 5 potions of berserk rage
 k - 2 potions of invisibility
 r - 5 potions of resistance
 u - 2 potions of degeneration
 C - a potion of mutation


   Skills:
 + Level 21.5 Fighting
 + Level 25.1 Axes
 + Level 20.8 Armour
 + Level 8.0 Dodging
 - Level 2.3 Stealth
 - Level 15.5 Shields
 - Level 7.1 Unarmed Combat


You had 13 spell levels left.
You didn't know any spells.
Your spell library was empty.

Dungeon Overview and Level Annotations

Branches:
Dungeon (1/1)

Altars:
Cheibriados
Dithmenos
Elyvilon
Fedhas
Gozag
Hepliaklqana
Makhleb
Nemelex Xobeh
Okawaru
Qazlal
Ru
Sif Muna
Trog
Vehumet
Wu Jian
Xom
Yredelemnul
Zin
The Shining One
Beogh
Jiyva
Lugonu

Annotations:
D Gloorx Vloq


Innate Abilities, Weirdness & Mutations

You reflexively headbutt those who attack you in melee.
You have a pair of horns on your head.


Message History

Gloorx Vloq is lightly wounded.
You closely miss the Executioner.
You are engulfed in dark miasma.
* * * LOW HITPOINT WARNING * * *
x2 You feel very sick.
Gloorx Vloq calls on the powers of darkness!
Your body is wracked with pain!
* * * LOW HITPOINT WARNING * * *
You block the Executioner's attack. x2; The Executioner hits you.
* * * LOW HITPOINT WARNING * * *
Gloorx Vloq gestures.
The Executioner gestures.
The Executioner seems to speed up.
Unknown command.
You hit Gloorx Vloq. You burn Gloorx Vloq.
Gloorx Vloq is lightly wounded.
You slice the Executioner!!
You kill the Executioner!
You are engulfed in dark miasma.
You are more poisoned.
* * * LOW HITPOINT WARNING * * *
You die...

#+#
#&#
#@#
##°##
#°°°#
+°°°#
##°##
#'#
#)#
#'#
#.#


You could see Gloorx Vloq.

Vanquished Creatures
  2 ancient liches (D)
  Saint Roka (D)
  A golden dragon (D)
  An electric golem (D)
  A Hell Sentinel (D)
  A death cob (D)
  A draconian monk (D)
  An azure jelly (D)
  A ghost moth (D)
  A deep elf sorcerer (D)
  A dire elephant (D)
  An apis (D)
  A blizzard demon (D)
  A deep elf death mage (D)
  A great orb of eyes (D)
  A hydra (D)
  An iron elemental (D)
  Erica (D)
  A death yak (D)
  A two-headed ogre (D)
  A soul eater (D)
  Sonja (D)
  A deep troll (D)
  A deep elf zephyrmancer (D)
  2 orc sorcerers (D)
  2 cyclopes (D)
  An elephant (D)
  A rust devil (D)
  Maurice (D)
  A naga mage (D)
  An orange demon (D)
  2 gargoyles (D)
  A komodo dragon (D)
  2 efreet (D)
  2 red devils (D)
  A wandering mushroom (D)
  2 trolls (D)
  4 dream sheep (D)
  Sigmund (D)
  A flying skull (D)
  An air elemental (D)
  A ynoxinul (D)
  A human (shapeshifter) (D)
  A wraith (D)
  A golden eye (D)
  2 nagas (D)
  A warg (D)
  A soldier ant (D)
  A floating eye (D)
  2 sky beasts (D)
  2 black bears (D)
  3 orc warriors (D)
  2 centaurs (D)
  2 gnoll sergeants (D)
  A scorpion (D)
  3 wights (D)
  An orc priest (D)
  An iron imp (D)
  Jessica (D)
  An orc wizard (D)
  A hell rat (D)
  3 gnolls (D)
  An adder (D)
  A leopard gecko (D)
  8 orcs (D)
  3 bat skeletons (D)
  A goblin (D)
  3 hobgoblins (D)
  3 quokkas (D)
  A ball python skeleton (D)
  A frilled lizard (D)
  6 kobolds (D)
111 creatures vanquished.

Vanquished Creatures (collateral kills)
  A minotaur (D)
  Psyche (D)
  A kobold demonologist (D)
  A polar bear (D)
  3 dream sheep (D)
  3 kobolds (D)
  A bat simulacrum (D)
11 creatures vanquished.

Vanquished Creatures (others)
  A tarantella (D)
  An eye of draining (D)
  A giant cockroach (D)
3 creatures vanquished.

Grand Total: 125 creatures vanquished

Notes
Turn   | Place    | Note
-------+----------+-------------------------------------------
     0 | D        | mhtbhm the Minotaur Fighter began the quest for the Orb.
     0 | D        | Reached XP level 1. HP: 19/19 MP: 0/0
    17 | D        | Found a bloodstained altar of Trog.
    17 | D        | Found a shimmering blue altar of Sif Muna.
    17 | D        | Found a viscous altar of Jiyva.
    17 | D        | Found a hazy altar of Hepliaklqana.
    17 | D        | Found an opulent altar of Gozag.
    18 | D        | Found a glowing golden altar of the Shining One.
    18 | D        | Found a glowing silver altar of Zin.
    18 | D        | Found a basalt altar of Yredelemnul.
    18 | D        | Found a shimmering altar of Xom.
    18 | D        | Found an ornate altar of the Wu Jian Council.
    18 | D        | Found a sacrificial altar of Ru.
    18 | D        | Found a stormy altar of Qazlal.
    18 | D        | Found an iron altar of Okawaru.
    18 | D        | Found a sparkling altar of Nemelex Xobeh.
    18 | D        | Found a burning altar of Makhleb.
    18 | D        | Found a blossoming altar of Fedhas.
    18 | D        | Found a white marble altar of Elyvilon.
    18 | D        | Found a shadowy altar of Dithmenos.
    18 | D        | Found a snail-covered altar of Cheibriados.
    21 | D        | Found a corrupted altar of Lugonu.
    21 | D        | Found a radiant altar of Vehumet.
    21 | D        | Found a roughly hewn altar of Beogh.
    22 | D        | Became a worshipper of Trog the Wrathful
    75 | D        | Reached * piety under Trog
    83 | D        | Noticed a centaur
    85 | D        | Reached ** piety under Trog
    86 | D        | Reached XP level 2. HP: 28/28 MP: 1/1
    89 | D        | Reached skill level 3 in Axes
    90 | D        | Killed a centaur
    91 | D        | Reached skill level 5 in Axes
    91 | D        | Reached XP level 3. HP: 30/38 MP: 2/2
    91 | D        | Reached XP level 4. HP: 36/45 MP: 3/3
   225 | D        | Noticed Jessica
   225 | D        | Noticed a flying skull
   234 | D        | Noticed a black bear
   235 | D        | Killed a flying skull
   236 | D        | Reached skill level 6 in Axes
   236 | D        | Reached XP level 5. HP: 56/56 MP: 4/4
   237 | D        | Killed Jessica
   237 | D        | Reached *** piety under Trog
   238 | D        | Reached skill level 7 in Axes
   238 | D        | Reached XP level 6. HP: 62/62 MP: 5/5
   246 | D        | Reached skill level 8 in Axes
   278 | D        | Noticed a floating eye
   282 | D        | Paralysed by a floating eye for 4 turns
   286 | D        | Killed a floating eye
   287 | D        | Reached skill level 10 in Shields
   394 | D        | Noticed a sky beast
   408 | D        | Killed a sky beast
   408 | D        | Reached **** piety under Trog
   409 | D        | Reached skill level 10 in Fighting
   409 | D        | Reached skill level 9 in Axes
   409 | D        | Reached XP level 7. HP: 66/72 MP: 6/6
   421 | D        | Noticed Maurice
   432 | D        | Killed Maurice
   433 | D        | Reached skill level 10 in Axes
   433 | D        | Reached skill level 10 in Armour
   488 | D        | Reached ***** piety under Trog
   698 | D        | Noticed a deep elf zephyrmancer
   704 | D        | Reached XP level 8. HP: 82/82 MP: 7/7
   709 | D        | Killed a deep elf zephyrmancer
   709 | D        | Received a gift from Trog
   710 | D        | Reached skill level 11 in Axes
   814 | D        | Noticed Erica
   814 | D        | Noticed an orc sorcerer
   820 | D        | Killed Erica
   821 | D        | Reached skill level 13 in Axes
   821 | D        | Reached skill level 1 in Dodging
   821 | D        | Reached XP level 9. HP: 91/91 MP: 8/8
   822 | D        | Killed an orc sorcerer
   940 | D        | Noticed a gargoyle
   954 | D        | Killed a gargoyle
   955 | D        | Reached skill level 14 in Axes
  1224 | D        | Noticed a rust devil
  1234 | D        | Killed a rust devil
  1234 | D        | Reached ****** piety under Trog
  1235 | D        | Received a gift from Trog
  1368 | D        | Noticed a red devil
  1368 | D        | Noticed an efreet
  1377 | D        | Killed an efreet
  1378 | D        | Reached skill level 15 in Axes
  1378 | D        | Reached skill level 1 in Stealth
  1385 | D        | Killed a red devil
  1415 | D        | Noticed an efreet
  1415 | D        | Noticed a komodo dragon
  1422 | D        | Killed a komodo dragon
  1422 | D        | Received a gift from Trog
  1423 | D        | Reached XP level 10. HP: 66/101 MP: 9/9
  1704 | D        | Noticed a cyclops
  1706 | D        | Noticed Sigmund
  1711 | D        | Killed a cyclops
  1712 | D        | Reached skill level 16 in Axes
  1712 | D        | Noticed Sonja
  1713 | D        | Noticed a gargoyle
  1719 | D        | Killed Sigmund
  1721 | D        | Killed Sonja
  1721 | D        | Received a gift from Trog
  1723 | D        | Killed a gargoyle
  1724 | D        | Reached skill level 17 in Axes
  1725 | D        | Noticed a minotaur
  1740 | D        | Noticed a deep troll
  1741 | D        | Reached skill level 5 in Dodging
  1741 | D        | Received a gift from Trog
  1747 | D        | HP: 1/104 [deep troll (7)]
  1749 | D        | Killed a minotaur
  1751 | D        | Killed a deep troll
  1751 | D        | Received a gift from Trog
  1752 | D        | Reached XP level 11. HP: 47/111 MP: 10/10
  1768 | D        | Got a shimmering battleaxe {god gift}
  1913 | D        | Noticed a five-headed hydra
  1920 | D        | Killed a one-headed hydra
  1921 | D        | Reached skill level 15 in Fighting
  1935 | D        | Reached skill level 18 in Axes
  2090 | D        | Noticed Psyche
  2102 | D        | Killed Psyche
  2103 | D        | Reached skill level 15 in Shields
  2105 | D        | Received a gift from Trog
  2417 | D        | Identified the +12 battleaxe "Ynok" {vorpal, Str+3} (Trog
                  | gifted it to you in the Dungeon)
  2612 | D        | Noticed a death yak
  2617 | D        | Killed a death yak
  2618 | D        | Reached skill level 1 in Unarmed Combat
  2658 | D        | Noticed an orc sorcerer
  2660 | D        | Noticed Saint Roka
  2666 | D        | Killed an orc sorcerer
  2666 | D        | Received a gift from Trog
  2678 | D        | Received a gift from Trog
  2680 | D        | Killed Saint Roka
  2681 | D        | Reached skill level 19 in Axes
  2681 | D        | Reached skill level 15 in Armour
  2686 | D        | Received a gift from Trog
  2700 | D        | Got an encrusted battleaxe {god gift}
  2703 | D        | Got a crystal war axe {god gift}
  2773 | D        | Identified the +4 battleaxe of Exhibitionism {vorpal,
                  | Int+5} (Trog gifted it to you in the Dungeon)
  2776 | D        | Identified the +2 war axe of the Butterfly {vorpal, rC+}
                  | (Trog gifted it to you in the Dungeon)
  2955 | D        | Noticed a two-headed ogre
  2958 | D        | Killed a two-headed ogre
  2959 | D        | Reached skill level 20 in Axes
  2959 | D        | Reached skill level 5 in Unarmed Combat
  2959 | D        | Reached XP level 12. HP: 124/124 MP: 11/11
  3007 | D        | Noticed an azure jelly
  3012 | D        | Killed an azure jelly
  3040 | D        | Noticed an ancient lich
  3052 | D        | Killed an ancient lich
  3053 | D        | Reached skill level 21 in Axes
  3118 | D        | Noticed an electric golem
  3130 | D        | Killed an electric golem
  3131 | D        | Reached skill level 22 in Axes
  3311 | D        | Killed a ghost moth
  3488 | D        | Noticed an ancient lich
  3497 | D        | Killed an ancient lich
  3498 | D        | Reached skill level 23 in Axes
  3498 | D        | Reached XP level 13. HP: 138/138 MP: 12/12
  3708 | D        | Noticed a death cob
  3708 | D        | Noticed a purple draconian monk
  3708 | D        | Noticed a deep elf sorcerer
  3708 | D        | Noticed a dire elephant
  3710 | D        | Killed a death cob
  3710 | D        | Received a gift from Trog
  3715 | D        | Killed a purple draconian monk
  3719 | D        | Killed a deep elf sorcerer
  3719 | D        | Received a gift from Trog
  3720 | D        | Reached skill level 24 in Axes
  3720 | D        | Killed a dire elephant
  3992 | D        | Noticed a blizzard demon
  3992 | D        | Noticed an apis
  3992 | D        | Noticed a deep elf death mage
  3992 | D        | Noticed a Hell Sentinel
  3992 | D        | Noticed a golden dragon
  3998 | D        | Killed a golden dragon
  4002 | D        | Killed a deep elf death mage
  4004 | D        | Killed a blizzard demon
  4004 | D        | Received a gift from Trog
  4015 | D        | Killed a Hell Sentinel
  4016 | D        | Reached skill level 25 in Axes
  4016 | D        | Reached XP level 14. HP: 119/151 MP: 13/13
  4018 | D        | Killed an apis
  4428 | D        | Noticed Gloorx Vloq
  4429 | D        | Noticed an Executioner
  4434 | D        | Noticed an Executioner
  4439 | D        | Noticed an Executioner
  4445 | D        | HP: 4/226 [Gloorx Vloq] (8)]
  4445 | D        | Succumbed to Gloorx Vloq's dark miasma

Illustrated notes

Levels and vault maps discovered:
D:        pitsprint [storerooms_1, entrance_room_1, metal_vault_7, armoury_1,
          mini_pit_1, grid_room_1, main_hall_1, silver_pit, the_coven_1,
          the_vestibule_1, steel_vault_4, golden_pit, hallway_of_sentries,
          crystal_vault_1, iron_vault_1, final_vault]

Skill      XL: |  1  2  3  4  5  6  7  8  9 10 11 12 13 |
---------------+----------------------------------------+-----
Fighting       | 4 6 8 10 11 12 13 14 16 19 21 | 21.5
Armour         | 4 6 8 9 10 11 12 13 15 18 20 | 20.8
Shields        | 4 6 8 10 11 12 13 14 15 | 15.5
Axes           | 5 6 7 9 10 13 15 17 20 23 25 | 25.1
Dodging        | 1 3 5 7 8 |  8.0
Stealth        | 1 2 |  2.3
Unarmed Combat | 5 7 |  7.1

Action                   |  1- 3 |  4- 6 |  7- 9 | 10-12 | 13-15 || total
-------------------------+-------+-------+-------+-------+-------++-------
Melee: Hand axe          |    12 |    24 |    37 |       |       ||    73
       Headbutt          |     2 |     8 |    12 |    28 |     9 ||    59
       War axe           |     1 |       |    16 |    37 |       ||    54
       Broad axe         |       |       |    24 |    19 |    15 ||    58
       Battleaxe         |       |       |       |    66 |    37 ||   103
       Unarmed           |       |       |       |    13 |       ||    13
Invok: Berserk           |     1 |     1 |     4 |     8 |     4 ||    18
       Brothers in Arms  |       |       |       |     2 |       ||     2
  Use: Potion            |       |       |       |     4 |       ||     4
       Scroll            |       |       |       |       |     4 ||     4
Armor: Scale mail        |     4 |     8 |    17 |    21 |       ||    50
       Plate armour      |       |       |       |    47 |     8 ||    55
       Skin              |       |       |       |     3 |       ||     3
       Gold dragon scale |       |       |       |       |    11 ||    11
Dodge: Dodged            |     1 |     2 |    12 |    78 |    19 ||   112
Block: Kite shield       |     4 |     6 |    32 |    39 |    20 ||   101

Table legend: (Time is in decaauts)
 A = Elapsed time spent in this place.
 B = Non-inter-level travel time spent in this place.
 C = Inter-level travel time spent in this place.
 D = Time resting spent in this place.
 E = Time spent auto-exploring this place.
 F = Levels seen in this place.
 G = Mean time per level.
                   A        B        C        D        E       F      G
               +--------+--------+--------+--------+--------+-----+--------+
         Total |   4504 |   4392 |    112 |   3271 |      0 |   1 | 4504.0 |
       Dungeon |   4504 |   4392 |    112 |   3271 |      0 |   1 | 4504.0 |
               +--------+--------+--------+--------+--------+-----+--------+

Top non-repeatable levels by time:
       D: 4504 daAuts
